 Seeded DCSS version 0.29-a0-360-g8ed1089bbe (webtiles) character file.

Game seed: 1711547067163246228 (custom seed)

300072 Zonian the Impaler (level 21, -20/165 HPs)
             Began as a Gnoll Ice Elementalist on Apr 25, 2022.
             Was the Champion of Dithmenos.
             Shot with an arrow by a deep elf master archer (29 damage)
             ... in a wizard's laboratory on Apr 29, 2022.
             The game lasted 03:24:06 (61135 turns).

Zonian the Impaler (Gnoll Ice Elementalist)        Turns: 61135, Time: 03:24:06

Health: -20/165    AC: 17    Str: 19    XL:     21   Next: 0%
Magic:  19/39      EV: 19    Int: 29    God:    Dithmenos [******]
Gold:   1240       SH: 19    Dex: 16    Spells: 5/49 levels left

rFire   . . .      SeeInvis .   K - +8 demon blade (venom)
rCold   + . .      Faith    .   R - +1 kite shield {reflect}
rNeg    + . .      Spirit   .   O - +1 robe of Vines {NoPotionHeal Regen++++}
rPois   +          Reflect  +   U - +2 hat of Damumeil {rPois Dex+3}
rElec   .          Harm     .   p - +2 cloak
rCorr   +          Rampage  .   q - +1 pair of gloves {infuse}
Will    +++..                   i - +3 pair of boots of Proximity {rC+ Will+ Int+2} Stlth *+++++++++
                                l - amulet of the Grinning Gods {Reflect Contam rPois Str+4 SH+5}
HPRegen 3.57/turn               t - ring "Biacs" {rN+ Int+4}
MPRegen 0.26/turn               e - ring of Resumed Hostilities {Fly Will+ rCorr Str+5 Slay+4}

@: flying, wreathed by umbra, studying Polearms
A: fangs 1, strong nose, distributed training
}: 2/15 runes: decaying, serpentine
a: Renounce Religion, Shadow Step, Shadow Form


You were in a wizard's laboratory.
You worshipped Dithmenos.
Dithmenos was exalted by your worship.
You visited 7 branches of the dungeon, and saw 35 of its levels.
You visited 1 bazaar.
You also visited: Wizlab.

You collected 2919 gold pieces.
You spent 1679 gold pieces at shops.

Inventory:

Hand Weapons
 b - a +8 hunting sling of flaming
 f - the +8 long sword of the Sage {antimagic, *Noise rN+ Str+2}
   (You bought it in a shop on level 3 of the Snake Pit)

   It reduces the magical energy of the wielder, and disrupts the spells and
   magical abilities of those it strikes.
   Natural abilities and divine invocations are not affected.
   Str:       It affects your strength (+2).
   rN:        It protects you from negative energy.
   *Noise:    It may make noises in combat.
 u - a +2 dagger of freezing
 B - a +2 long sword of electrocution
 K - a +8 demon blade of venom (weapon)
 P - the +7 trident "Concordance" {flame, rF+ rC+ Int+2}
   (You found it on level 2 of the Swamp)

   It burns those it strikes, dealing additional fire damage.
   Int:       It affects your intelligence (+2).
   rF:        It protects you from fire.
   rC:        It protects you from cold.
 Q - a +2 double sword of holy wrath
 Z - the +8 whip "Snakebite" {venom, curare, rPois}
   (You found it on level 2 of the Lair of Beasts)

   It poisons the flesh of those it strikes.
   It occasionally inflicts asphyxiating poison on those it strikes, dealing
   poison damage and causing slowness.
   rPois:     It protects you from poison.
Missiles
 a - 13 curare-tipped darts
 s - 2 silver javelins
 A - 4 throwing nets
 J - 10 javelins
Armour
 i - the +3 pair of boots of Proximity (worn) {rC+ Will+ Int+2}
   (You acquired it on level 4 of the Lair of Beasts)

   Int:       It affects your intelligence (+2).
   rC:        It protects you from cold.
   Will:      It increases your willpower.
 p - a +2 cloak (worn)
 q - a +1 pair of gloves of infusion (worn)
 O - the +1 robe of Vines (worn) {NoPotionHeal Regen++++}
   (You found it on level 10 of the Dungeon)

   Its wearer cannot be healed by potions.
   Regen:     It increases your rate of health regeneration.
 R - a +1 kite shield of reflection (worn)
 U - the +2 hat of Damumeil (worn) {rPois Dex+3}
   (You found it on level 10 of the Dungeon)

   Dex:       It affects your dexterity (+3).
   rPois:     It protects you from poison.
Jewellery
 e - the ring of Resumed Hostilities (right hand) {Fly Will+ rCorr Str+5 Slay+4}
   (You found it on level 1 of the Elven Halls)

   [ring of slaying]

   Str:       It affects your strength (+5).
   Slay:      It affects your accuracy & damage with ranged weapons and melee
   (+4).
   Fly:       It grants you flight.
   rCorr:     It protects you from acid and corrosion.
   Will:      It increases your willpower.
 l - the amulet of the Grinning Gods (around neck) {Reflect Contam rPois Str+4 SH+5}
   (You acquired it on level 15 of the Dungeon)

   [amulet of reflection]

   It reflects blocked missile attacks.
   Str:       It affects your strength (+4).
   rPois:     It protects you from poison.
   Contam:    It causes magical contamination when unequipped.
   SH:        It affects your SH (+5).
 t - the ring "Biacs" (left hand) {rN+ Int+4}
   (You found it on level 3 of the Lair of Beasts)

   [ring of positive energy]

   Int:       It affects your intelligence (+4).
   rN:        It protects you from negative energy.
Wands
 g - a wand of digging (27)
 o - a wand of iceblast (7)
 L - a wand of mindburst (3)
 T - a wand of flame (60)
Scrolls
 d - a scroll of fog
 j - 11 scrolls of teleportation
 k - 2 scrolls of magic mapping
 H - a scroll of silence
 S - 3 scrolls of fear
Potions
 c - 8 potions of ambrosia
 n - a potion of resistance
 r - a potion of brilliance
 v - 2 potions of cancellation
 w - 9 potions of curing
 C - 4 potions of berserk rage
 G - a potion of magic
 I - a potion of might
 W - 3 potions of haste
 Y - 2 potions of invisibility
Miscellaneous
 m - a box of beasts
 D - a tin of tremorstones (2/2)
 E - a condenser vane


   Skills:
 + Level 14.0 Fighting
 + Level 14.0 Short Blades
 + Level 14.0 Long Blades
 + Level 14.0 Axes
 + Level 14.0 Maces & Flails
 + Level 18.7 Polearms
 + Level 14.0 Staves
 + Level 14.0 Slings
 + Level 14.0 Bows
 + Level 14.0 Crossbows
 + Level 14.0 Throwing
 + Level 14.0 Armour
 + Level 14.6 Dodging
 + Level 14.5 Stealth
 + Level 14.0 Shields
 + Level 14.0 Unarmed Combat
 + Level 14.8 Spellcasting
 + Level 11.9 Conjurations
 + Level 11.9 Hexes
 + Level 11.9 Summonings
 + Level 11.9 Necromancy
 + Level 11.9 Translocations
 + Level 11.9 Transmutations
 + Level 11.9 Fire Magic
 + Level 13.7 Ice Magic
 + Level 11.9 Air Magic
 + Level 11.9 Earth Magic
 + Level 11.9 Poison Magic
 + Level 15.1 Invocations
 + Level 14.0 Evocations


You had 5 spell levels left.
You knew the following spells:

 Your Spells              Type           Power      Damage    Failure   Level
a - Freeze                Ice            100%       1d11      0%          1
b - Frozen Ramparts       Ice            100%       1d12      1%          3
c - Ozocubu's Armour      Ice            79%        N/A       1%          3
d - Portal Projectile     Hex/Tloc       100%       N/A       1%          3
e - Hailstorm             Conj/Ice       77%        3d16      1%          4
f - Swiftness             Air            74%        N/A       1%          3
g - Blink                 Tloc           100%       N/A       1%          2
h - Mephitic Cloud        Conj/Pois/Air  74%        N/A       1%          3
i - Airstrike             Air            37%        N/A       1%          4
j - Summon Lightning Spi  Summ/Air       74%        N/A       1%          4
k - Borgnjor's Vile Clut  Necr/Erth      37%        N/A       1%          5
l - Olgreb's Toxic Radia  Pois           74%        N/A       1%          4
m - Metabolic Englaciati  Hex/Ice        38%        N/A       1%          5

Your spell library contained the following spells:

 Spells                   Type           Power      Damage    Failure   Level
 Animate Skeleton         Necr           100%       N/A       1%          1
 Apportation              Tloc           100%       N/A       1%          1
 Beastly Appendage        Tmut           100%       N/A       1%          1
 Pain                     Necr           100%       1d9       1%          1
 Shock                    Conj/Air       100%       1d9       1%          1
 Sting                    Tmut/Pois      100%       1d8       1%          1
 Summon Small Mammal      Summ           100%       N/A       1%          1
 Corpse Rot               Necr/Air       100%       N/A       1%          2
 Poisonous Vapours        Pois/Air       100%       N/A       1%          2
 Wereblood                Tmut           74%        N/A       1%          2
 Call Canine Familiar     Summ           74%        N/A       1%          3
 Confusing Touch          Hex            74%        N/A       1%          3
 Conjure Flame            Conj/Fire      74%        6-21      1%          3
 Gell's Gravitas          Tloc           74%        N/A       1%          3
 Ignite Poison            Fire/Tmut/Pois 74%        N/A       1%          3
 Lesser Beckoning         Tloc           74%        N/A       1%          3
 Spider Form              Tmut/Pois      74%        N/A       1%          3
 Summon Guardian Golem    Hex/Summ       74%        N/A       1%          3
 Teleport Other           Tloc           74%        N/A       1%          3
 Tukima's Dance           Hex            74%        N/A       1%          3
 Animate Dead             Necr           37%        N/A       1%          4
 Ice Form                 Ice/Tmut       77%        N/A       1%          4
 Leda's Liquefaction      Hex/Erth       37%        N/A       1%          4
 Passage of Golubria      Tloc           74%        N/A       1%          4
 Sticky Flame             Conj/Fire      74%        2d9       1%          4
 Agony                    Necr           74%        N/A       1%          5
 Alistair's Intoxication  Tmut/Pois      49%        N/A       1%          5
 Excruciating Wounds      Necr           37%        N/A       1%          5
 Fireball                 Conj/Fire      37%        3d15      1%          5
 Freezing Cloud           Conj/Ice/Air   38%        6-21      1%          5
 Iskenderun's Battlesphe  Conj           74%        2d12      1%          5
 Lightning Bolt           Conj/Air       37%        1d55      1%          5
 Manifold Assault         Tloc           74%        N/A       1%          5
 Yara's Violent Unravell  Hex/Tmut       37%        3d15      1%          5
 Simulacrum               Ice/Necr       38%        N/A       3%          6
 Conjure Ball Lightning   Conj/Air       37%        3x3d12    4%          6
 Death Channel            Necr           37%        N/A       4%          6
 Eringya's Noxious Bog    Tmut/Pois      37%        N/A       4%          6
 Ozocubu's Refrigeration  Ice            39%        4d12      13%         7
 Enfeeble                 Hex            37%        N/A       26%         7
 Orb of Destruction       Conj           37%        9d11      26%         7
 Spellforged Servitor     Conj/Summ      37%        N/A       26%         7
 Storm Form               Tmut/Air       37%        N/A       26%         7
 Discord                  Hex            37%        N/A       91%         8
 Disjunction              Tloc           37%        N/A       91%         8
 Ignition                 Fire           37%        3d11      91%         8
 Fire Storm               Conj/Fire      37%        8d9       100%        9
 Polar Vortex             Ice            39%        N/A       100%        9


Dungeon Overview and Level Annotations

Branches:
Dungeon (15/15) Temple (1/1) D:6 Lair (6/6) D:10 Swamp (4/4) Lair:2 Snake (4/4) Lair:3 Slime (0/5) Lair:5 Orc (2/2) D:9 Elf (3/3) Orc:2 Vaults (0/5) D:12 D:13 Depths (0/4) D:15 WizLab (1/1)

Altars:
Ashenzari
Cheibriados
Dithmenos
Elyvilon
Fedhas
Gozag
Kikubaaqudgha
Makhleb
Okawaru
Qazlal
Ru
Sif Muna
Trog
Uskayaw
Vehumet
Wu Jian
Xom
Yredelemnul
Zin
The Shining One
Beogh
Jiyva

Shops:
D:3 *   Orc:2 :![!?   Elf:2 *   Elf:3 *   Snake:3 ((**

Portals:
Pandemonium: Orc:2

Annotations:
D:3 1 runed translucent door, Crazy Yiuf, Grinder
D:6 Sigmund WizLab exclusion: oklob plant


Innate Abilities, Weirdness & Mutations

You have very sharp teeth.
Your uncanny sense of smell can sniff out nearby items.
Your experience applies equally to all skills.


Message History

Your lightning spire is unaffected.
You slash the satyr!
You kill the satyr!
Dithmenos accepts your kill. You block the yaktaur's attack.
You have reached level 21!
Your experience leads to an increase in your attributes!
Your base attributes are Str 10, Int 21, Dex 13.
Increase (S)trength, (I)ntelligence, or (D)exterity?
You feel clever. x2
You slice the yaktaur!!
You kill the yaktaur!
Dithmenos accepts your kill.
Unknown command.
You start resting.
Your lightning spire disappears in a puff of smoke!
A deep elf master archer comes into view.
A deep elf master archer is nearby!
Unknown command.
Casting: Metabolic Englaciation (mildly dangerous; 1% risk of failure)
Confirm with . or Enter, or press ? or * to list all spells.
Aiming: Borgnjor's Vile Clutch (mildly dangerous; 1% risk of failure)
Press: ? - help, Shift-Dir - straight line, f - deep elf master archer
Aim: a deep elf master archer, wearing a +0 leather armour (wandering, hasn't noticed you, umbra, 100% to hit)
Zombie hands grab the deep elf master archer.
The zombie hands constrict the deep elf master archer.
A yaktaur comes into view. It is wielding a staff of fire.
The deep elf master archer wields a +0 longbow.
The deep elf master archer shoots an arrow.
The arrow hits you!!
* * * LOW HITPOINT WARNING * * *
The deep elf master archer shoots an arrow.
The arrow hits you!!
* * * LOW HITPOINT WARNING * * *
As you read the scroll of fog, it crumbles to dust.
The scroll dissolves into smoke.
The zombie hands constrict the deep elf master archer!
The deep elf master archer shoots an arrow.
The arrow hits you!!
You die...

.....♣♣♣♣♣
c........♣♣♣♣♣
.....§§......♣♣♣
.....§§........♣♣♣
..⌠..§P§♣e§§.....♣♣
..P..##♣♣♣.§§§§§∩.♣♣
#ce. ♣♣.§§§§...♣ ..
∆ ♣♣.§§§♣...♣
♣♣.§@♣♣ .. ♣♣..§♣♣ ∆
∆ ♣♣...♣♣ ∆ ♣♣..)♣♣
♣♣♣♣♣♣♣♣♣♣...♣♣
♣♣....:♣♣....♣
.......[)..♣♣#
....⌠..)).♣♣ ∆ ∆
..†........♣


You could see a deep elf master archer (clutched).

Vanquished Creatures
  Mara (Swamp:4)
  Nikola (Elf:1)
  A tentacled monstrosity (Swamp:4)
  A deep elf master archer (WizLab)
  5 sphinxes (Elf:2)
  2 thorn hunters
  Donald (Snake:1)
  3 nagarajas (Snake:4)
  2 fenstrider witches
  The ghost of thiscave3701365 the Executioner, a journeyman MiBe of Trog (Lair:6)
  Aizul (Snake:2)
  The ghost of jlumianski the Slicer, a journeyman DsFi of Wu Jian (Swamp:2)
  Louise (Elf:2)
  2 ghouls (Swamp:2)
  3 very ugly things (Swamp:4)
  A deep elf annihilator (Elf:1)
  Azrael (Orc:1)
  3 bunyips (Swamp:4)
  4 eleionomae
  Snorg (D:9)
  The ghost of Lupesig the Peltast, a journeyman MiFi of Trog (Lair:3)
  2 green deaths (Swamp:4)
  A deep elf death mage (Elf:1)
  Josephine (D:10)
  3 shambling mangroves
  3 fire dragons (Elf:2)
  An ettin (D:15)
  22 hydras
  A salamander tyrant (Snake:4)
  A spriggan air mage (Swamp:3)
  6 boulder beetles
  2 catoblepae
  2 demonspawn (Orc:2)
  10 centaur warriors
  3 ghost crabs
  5 two-headed ogres
  3 satyrs (WizLab)
  8 anacondas
  11 alligators
  A deep troll shaman (Lair:6)
  2 tengu warriors
  10 dancing weapons
  19 naga warriors
  Urug (Lair:2)
  2 spriggan berserkers (Swamp:3)
  A thrashing horror (Swamp:4)
  10 death yaks (Lair:6)
  7 orc high priests (Orc:2)
  17 naga sharpshooters
  4 shock serpents
  7 deep elf knights
  The ghost of Chaicat the Basher, a novice MiBe of Trog (D:10)
  3 salamander mystics
  Amaemon (Lair:2)
  7 goliath frogs
  2 spriggan druids
  14 bog bodies
  14 deep elf archers
  6 naga ritualists
  2 deep trolls (D:15)
  A necromancer (D:15)
  25 deep elf zephyrmancers
  7 swamp dragons
  Pikel (D:8)
  8 orc knights
  26 deep elf pyromancers
  8 orc sorcerers
  9 mana vipers
  A wolf spider (D:15)
  13 manticores
  An oklob plant (WizLab)
  4 cyclopes
  A faun (WizLab)
  11 salamanders
  17 ugly things
  9 will-o-the-wisps
  A moth of wrath (Lair:3)
  4 guardian serpents
  20 naga magi
  4 orange demons
  16 elephants
  60 black mambas
  8 cane toads
  2 gargoyles
  12 komodo dragons
  3 yaktaurs (WizLab)
  3 rime drakes
  An efreet (D:13)
  An ice devil (Orc:2)
  A freezing wraith (D:14)
  3 tengu conjurers
  A hellwing (Orc:2)
  11 tyrant leeches
  4 polar bears
  A queen bee (Lair:4)
  3 meliai (Lair:4)
  9 trolls
  16 slime creatures
  19 blink frogs
  Prince Ribbit (Lair:3)
  13 hornets
  A dream sheep (Lair:6)
  A jumping spider (shapeshifter) (Elf:1)
  5 spriggans
  A centaur simulacrum (D:15)
  4 water elementals
  An air elemental (Elf:1)
  6 shadows
  5 wraiths
  A ynoxinul (Orc:2)
  16 humans
  4 fire elementals
  6 wyverns
  Grum (D:11)
  25 yaks
  6 basilisks
  2 steam dragons
  8 vampire mosquitoes
  4 wargs
  13 swamp worms
  46 nagas
  2 hell hounds
  23 water moccasins
  4 acid dragons
  A floating eye (shapeshifter) (Elf:3)
  40 orc warriors
  2 swamp drakes
  3 black bears
  7 ogres
  9 wolves
  10 centaurs
  4 lemures (D:8)
  A phantom (D:5)
  2 kobold brigands
  2 necrophages
  7 bullfrogs
  A gnoll sergeant (D:12)
  A scorpion (D:10)
  3 earth elementals
  9 wights
  25 killer bees
  3 electric eels
  10 howler monkeys
  A gnoll shaman (D:9)
  3 hounds
  30 orc priests
  Ijyb (D:3)
  5 iguanas
  Natasha (D:2)
  22 orc wizards
  7 hell rats
  19 gnolls
  Robin (D:2)
  13 adders
  A shadow imp (D:5)
  2 ufetubi
  3 worms
  4 dart slugs
  67 orcs
  4 endoplasms
  2 giant cockroaches
  14 goblins
  10 hobgoblins
  6 jackals (D:1)
  3 quokkas
  6 ball pythons
  11 bats
  2 frilled lizards
  14 kobolds
  4 rats
  A spectral kobold (D:3)
1194 creatures vanquished.

Vanquished Creatures (collateral kills)
  A nagaraja (Snake:4)
  3 naga warriors (Snake:4)
  3 naga sharpshooters (Snake:4)
  2 naga ritualists (Snake:4)
  A swamp dragon (Swamp:3)
  2 salamanders (Snake:4)
  3 black mambas
  A moth of wrath (Lair:3)
  2 naga magi (Snake:4)
  A rime drake (Lair:3)
  A yaktaur (WizLab)
  A fire elemental (Elf:1)
  A spriggan (Swamp:3)
  6 nagas
  2 swamp drakes (Swamp:3)
30 creatures vanquished.

Vanquished Creatures (others)
  A deep elf knight (Elf:2)
  A deep elf pyromancer (Elf:1)
  A naga mage (Snake:4)
  2 bloated husks
  A vampire mosquito (Swamp:1)
  2 orc warriors (Orc:2)
  An orc wizard (Orc:1)
  A giant cockroach (D:3)
  30 foxfires
  25 fungi
  94 plants
159 creatures vanquished.

Grand Total: 1383 creatures vanquished

Notes
Turn   | Place    | Note
-------+----------+-------------------------------------------
     0 | D:1      | Zonian the Gnoll Ice Elementalist began the quest for the
                  | Orb.
     0 | D:1      | Reached XP level 1. HP: 13/13 MP: 6/6
   325 | D:1      | Reached XP level 2. HP: 11/19 MP: 0/7
   864 | D:1      | Reached XP level 3. HP: 25/25 MP: 5/9
   982 | D:1      | Reached skill level 5 in Spellcasting
  1274 | D:2      | Reached skill level 1 in Invocations
  1282 | D:2      | Noticed Robin
  1386 | D:2      | Killed Robin
  1387 | D:2      | Reached skill level 1 in Fighting
  1387 | D:2      | Reached skill level 1 in Short Blades
  1387 | D:2      | Reached skill level 1 in Long Blades
  1387 | D:2      | Reached skill level 1 in Axes
  1387 | D:2      | Reached skill level 1 in Maces & Flails
  1387 | D:2      | Reached skill level 1 in Polearms
  1387 | D:2      | Reached skill level 1 in Staves
  1387 | D:2      | Reached skill level 1 in Slings
  1387 | D:2      | Reached skill level 1 in Bows
  1387 | D:2      | Reached skill level 1 in Crossbows
  1387 | D:2      | Reached skill level 1 in Throwing
  1387 | D:2      | Reached skill level 1 in Armour
  1387 | D:2      | Reached skill level 1 in Shields
  1387 | D:2      | Reached skill level 1 in Unarmed Combat
  1387 | D:2      | Reached skill level 1 in Evocations
  1569 | D:2      | Reached XP level 4. HP: 28/32 MP: 8/11
  1953 | D:2      | Noticed Natasha
  2237 | D:2      | Killed Natasha
  2238 | D:2      | Reached skill level 1 in Conjurations
  2238 | D:2      | Reached skill level 1 in Hexes
  2238 | D:2      | Reached skill level 1 in Summonings
  2238 | D:2      | Reached skill level 1 in Necromancy
  2238 | D:2      | Reached skill level 1 in Translocations
  2238 | D:2      | Reached skill level 1 in Transmutations
  2238 | D:2      | Reached skill level 1 in Fire Magic
  2238 | D:2      | Reached skill level 1 in Air Magic
  2238 | D:2      | Reached skill level 1 in Earth Magic
  2238 | D:2      | Reached skill level 1 in Poison Magic
  2246 | D:2      | Learned a level 3 spell: Frozen Ramparts
  2250 | D:2      | Learned a level 3 spell: Ozocubu's Armour
  2490 | D:3      | Reached XP level 5. HP: 36/37 MP: 7/12
  2643 | D:3      | Found a runed translucent door.
  2644 | D:3      | Noticed Crazy Yiuf
  2671 | D:3      | Noticed Grinder
  2795 | D:3      | Found a faded altar of an unknown god.
  2854 | D:3      | Found Jota's Assorted Antiques.
  2901 | D:3      | Bought a dark potion for 23 gold pieces
  2901 | D:3      | Bought a murky ruby potion for 23 gold pieces
  2901 | D:3      | Bought a green potion for 23 gold pieces
  2901 | D:3      | Bought a scroll of teleportation for 78 gold pieces
  2990 | D:3      | Noticed Ijyb
  3022 | D:3      | Killed Ijyb
  3509 | D:4      | Reached XP level 6. HP: 42/44 MP: 5/13
  3571 | D:4      | Found a blossoming altar of Fedhas.
  3882 | D:4      | You fall into a shaft and drop 2 floors!
  3893 | D:5      | Entered Level 5 of the Dungeon
  3957 | D:5      | Reached skill level 5 in Dodging
  3969 | D:5      | Reached skill level 2 in Polearms
  4108 | D:5      | Reached XP level 7. HP: 50/50 MP: 15/15
  5868 | D:5      | Reached skill level 5 in Stealth
  6030 | D:6      | Found a staircase to the Ecumenical Temple.
  6042 | Temple   | Entered the Ecumenical Temple
  6105 | Temple   | Became a worshipper of Dithmenos the Shadowed
  6167 | D:6      | Found a broken altar of Ashenzari.
  6238 | D:6      | Reached skill level 3 in Polearms
  6238 | D:6      | Reached XP level 8. HP: 42/58 MP: 12/16
  6430 | D:6      | Found a shimmering blue altar of Sif Muna.
  7022 | D:6      | Noticed Sigmund
  7638 | D:6      | Found a hide-covered altar of Uskayaw.
  7971 | D:7      | Noticed a wyvern
  8747 | D:7      | Found a shimmering altar of Xom.
  8771 | D:7      | Learned a level 3 spell: Confusing Touch
  8776 | D:7      | Learned a level 4 spell: Hailstorm
  8780 | D:7      | Learned a level 3 spell: Swiftness
  8875 | D:8      | Noticed a two-headed ogre
  8879 | D:8      | Reached XP level 9. HP: 61/65 MP: 18/18
  8891 | D:8      | Killed a two-headed ogre
  8892 | D:8      | Reached skill level 4 in Polearms
  9616 | D:8      | Reached skill level 5 in Invocations
  9930 | D:8      | Noticed Pikel
  9951 | D:8      | Killed Pikel
  9952 | D:8      | Reached skill level 5 in Polearms
  9982 | D:8      | Reached XP level 10. HP: 43/73 MP: 11/20
 10227 | D:8      | Found a burning altar of Makhleb.
 10669 | D:8      | Reached skill level 5 in Fighting
 10669 | D:8      | Reached skill level 5 in Short Blades
 10669 | D:8      | Reached skill level 5 in Long Blades
 10669 | D:8      | Reached skill level 5 in Axes
 10669 | D:8      | Reached skill level 5 in Maces & Flails
 10669 | D:8      | Reached skill level 5 in Staves
 10669 | D:8      | Reached skill level 5 in Slings
 10669 | D:8      | Reached skill level 5 in Bows
 10669 | D:8      | Reached skill level 5 in Crossbows
 10669 | D:8      | Reached skill level 5 in Throwing
 10669 | D:8      | Reached skill level 5 in Armour
 10669 | D:8      | Reached skill level 5 in Shields
 10669 | D:8      | Reached skill level 5 in Unarmed Combat
 10669 | D:8      | Reached skill level 5 in Evocations
 10820 | D:9      | Found an opulent altar of Gozag.
 11024 | D:9      | Found a staircase to the Orcish Mines.
 11085 | D:9      | Reached * piety under Dithmenos
 11630 | D:9      | Noticed a two-headed ogre
 11642 | D:9      | Killed a two-headed ogre
 11643 | D:9      | Reached skill level 6 in Polearms
 11983 | D:9      | Learned a level 2 spell: Blink
 12128 | D:10     | Entered Level 10 of the Dungeon
 12669 | Orc:1    | Entered Level 1 of the Orcish Mines
 12669 | Orc:1    | Noticed an orc sorcerer
 12806 | D:10     | Found a transporter.
 12806 | D:10     | Noticed a gargoyle
 12865 | D:10     | Learned a level 3 spell: Mephitic Cloud
 12899 | D:10     | Noticed a four-headed hydra
 12900 | D:10     | Found the +1 robe of Vines {NoPotionHeal Regen++++}
 13009 | D:10     | Reached XP level 11. HP: 54/81 MP: 19/22
 13305 | D:10     | Found a staircase to the Lair.
 13329 | D:10     | Killed a four-headed hydra
 13330 | D:10     | Reached skill level 7 in Polearms
 13441 | D:10     | Reached skill level 5 in Conjurations
 13441 | D:10     | Reached skill level 5 in Hexes
 13441 | D:10     | Reached skill level 5 in Summonings
 13441 | D:10     | Reached skill level 5 in Necromancy
 13441 | D:10     | Reached skill level 5 in Translocations
 13441 | D:10     | Reached skill level 5 in Transmutations
 13441 | D:10     | Reached skill level 5 in Fire Magic
 13441 | D:10     | Reached skill level 5 in Air Magic
 13441 | D:10     | Reached skill level 5 in Earth Magic
 13441 | D:10     | Reached skill level 5 in Poison Magic
 13793 | D:10     | Noticed Josephine
 13815 | D:10     | Found a transporter.
 13815 | D:10     | Noticed a boulder beetle
 13815 | D:10     | Noticed Chaicat's ghost (novice MiBe)
 14434 | D:10     | Reached ** piety under Dithmenos
 14700 | D:10     | Killed Josephine
 14872 | D:10     | Noticed a two-headed ogre
 14876 | D:10     | Killed a two-headed ogre
 15172 | Lair:1   | Entered Level 1 of the Lair of Beasts
 15262 | Lair:1   | Reached skill level 8 in Polearms
 16270 | Lair:2   | Found a staircase to the Swamp.
 16302 | Lair:2   | Reached XP level 12. HP: 86/89 MP: 21/24
 16403 | Lair:2   | Noticed Urug
 16413 | Lair:2   | Killed Urug
 16517 | Lair:2   | Noticed Amaemon
 16549 | Lair:2   | Killed Amaemon
 16559 | Lair:2   | Reached skill level 9 in Polearms
 16559 | Lair:2   | Reached XP level 13. HP: 98/98 MP: 24/26
 16560 | Lair:2   | Reached skill level 10 in Polearms
 16560 | Lair:2   | Reached XP level 14. HP: 105/105 MP: 24/27
 17320 | Lair:2   | Reached skill level 10 in Ice Magic
 17382 | Lair:2   | Reached *** piety under Dithmenos
 17405 | Lair:2   | Found the +8 whip "Snakebite" {venom, curare, rPois}
 18382 | Lair:3   | Reached skill level 11 in Polearms
 18751 | Lair:3   | Noticed Prince Ribbit
 18773 | Lair:3   | Killed Prince Ribbit
 18823 | Lair:3   | Noticed Lupesig's ghost (journeyman MiFi)
 18857 | Lair:3   | Found a transporter.
 18921 | Lair:3   | Learned a level 4 spell: Airstrike
 18926 | Lair:3   | Learned a level 4 spell: Summon Lightning Spire
 19023 | Lair:3   | Reached skill level 10 in Spellcasting
 19040 | Lair:3   | Found a staircase to the Snake Pit.
 19344 | Lair:3   | Found a transporter.
 20070 | Lair:4   | Reached **** piety under Dithmenos
 20750 | Lair:4   | Found a bloodstained altar of Trog.
 20785 | Lair:4   | Identified a scroll of acquirement
 20785 | Lair:4   | Acquired the +3 pair of boots of Proximity {rC+ Will+
                  | Int+2}
 21206 | Lair:5   | Reached skill level 10 in Dodging
 21211 | Lair:5   | Found a viscous altar of Jiyva.
 21214 | Lair:5   | Found a staircase to the Slime Pits.
 21707 | Lair:5   | Identified the +0 chain mail "Jaupp" {rPois rC+}
 21750 | Lair:5   | Reached skill level 10 in Stealth
 22235 | Lair:6   | Entered Level 6 of the Lair of Beasts
 22298 | Lair:6   | Reached skill level 10 in Invocations
 22300 | Lair:6   | Reached ***** piety under Dithmenos
 22302 | Lair:6   | Reached skill level 12 in Polearms
 22304 | Lair:6   | Reached XP level 15. HP: 113/113 MP: 29/29
 22338 | Lair:6   | Learned a level 5 spell: Borgnjor's Vile Clutch
 23268 | Lair:6   | Found a transporter.
 23268 | Lair:6   | Noticed thiscave3701365's ghost (journeyman MiBe)
 23476 | Lair:6   | Found a transporter.
 23841 | Lair:3   | Killed Lupesig's ghost
 23851 | Lair:3   | Identified the ring "Biacs" {rN+ Int+4}
 24370 | Lair:6   | Killed thiscave3701365's ghost
 24774 | D:10     | Reached skill level 13 in Polearms
 24789 | D:10     | Killed Chaicat's ghost
 24795 | D:10     | Identified the +2 hat of Damumeil {rPois Dex+3}
 24918 | D:11     | Noticed Grum
 24933 | D:11     | Killed Grum
 25405 | D:11     | Reached skill level 10 in Fighting
 25405 | D:11     | Reached skill level 10 in Short Blades
 25405 | D:11     | Reached skill level 10 in Long Blades
 25405 | D:11     | Reached skill level 10 in Axes
 25405 | D:11     | Reached skill level 10 in Maces & Flails
 25405 | D:11     | Reached skill level 10 in Staves
 25405 | D:11     | Reached skill level 10 in Slings
 25405 | D:11     | Reached skill level 10 in Bows
 25405 | D:11     | Reached skill level 10 in Crossbows
 25405 | D:11     | Reached skill level 10 in Throwing
 25405 | D:11     | Reached skill level 10 in Armour
 25405 | D:11     | Reached skill level 10 in Shields
 25405 | D:11     | Reached skill level 10 in Unarmed Combat
 25405 | D:11     | Reached skill level 10 in Evocations
 26975 | D:13     | Found a gate to the Vaults.
 26984 | D:12     | Reached XP level 16. HP: 118/122 MP: 22/31
 26986 | D:12     | Reached ****** piety under Dithmenos
 28763 | D:14     | Reached skill level 14 in Polearms
 29081 | D:15     | Entered Level 15 of the Dungeon
 29354 | D:15     | Found an iron altar of Okawaru.
 29412 | D:15     | Found a staircase to the Depths.
 29540 | D:15     | Identified the +6 falchion of Dithmenos, Teaching {vorpal,
                  | Dex+3}
 29752 | D:15     | Acquired the amulet of the Grinning Gods {Reflect Contam
                  | rPois Str+4 SH+5}
 30005 | Orc:1    | Noticed Snorg
 30045 | D:9      | Killed Snorg
 30352 | Orc:1    | Found a burning altar of Makhleb.
 30774 | Orc:2    | Entered Level 2 of the Orcish Mines
 30781 | Orc:2    | Noticed Azrael
 31026 | Orc:2    | Found a gate leading to a gauntlet.
 31176 | Orc:1    | Learned a level 4 spell: Olgreb's Toxic Radiance
 31422 | Orc:1    | Killed Azrael
 31674 | Orc:2    | Found a runed translucent door.
 31914 | Orc:2    | Found a staircase to the Elven Halls.
 31950 | Orc:2    | Found Qaesiora's Distillery.
 31951 | Orc:2    | Found Ecatej's Distillery.
 32079 | Orc:2    | Reached XP level 17. HP: 131/131 MP: 18/33
 32233 | Orc:2    | Found Awnemm's Book Shoppe.
 32233 | Orc:2    | Found Heoneown's Antique Armour Emporium.
 32241 | Orc:2    | Found a one-way gate leading to the halls of Pandemonium.
 32250 | Orc:2    | Bought a twisted helmet for 237 gold pieces
 32250 | Orc:2    | Identified the -3 helmet of the Stonemason {Dex+4} (You
                  | bought it in a shop on level 2 of the Orcish Mines)
 32250 | Orc:2    | Bought a pair of glowing gloves for 187 gold pieces
 32394 | Orc:2    | Found Boiff's Magic Scroll Emporium.
 33128 | Snake:1  | Entered Level 1 of the Snake Pit
 33595 | Lair:3   | Reached skill level 15 in Polearms
 34371 | Snake:1  | Noticed Donald
 34396 | Snake:1  | Killed Donald
 36025 | Snake:2  | Noticed Aizul
 36039 | Snake:2  | Killed Aizul
 37206 | Snake:2  | Reached skill level 10 in Conjurations
 37206 | Snake:2  | Reached skill level 10 in Hexes
 37206 | Snake:2  | Reached skill level 10 in Summonings
 37206 | Snake:2  | Reached skill level 10 in Necromancy
 37206 | Snake:2  | Reached skill level 10 in Translocations
 37206 | Snake:2  | Reached skill level 10 in Transmutations
 37206 | Snake:2  | Reached skill level 10 in Fire Magic
 37206 | Snake:2  | Reached skill level 10 in Air Magic
 37206 | Snake:2  | Reached skill level 10 in Earth Magic
 37206 | Snake:2  | Reached skill level 10 in Poison Magic
 37872 | Snake:3  | Reached XP level 18. HP: 140/140 MP: 34/34
 38851 | Snake:3  | Found Wyn Idoe's Assorted Antiques.
 38851 | Snake:3  | Found Loci's Weapon Shoppe.
 38852 | Snake:3  | Found Tampekk's General Store.
 38856 | Snake:3  | Found Plog's Antique Weapon Shoppe.
 38866 | Snake:3  | Bought a polished long sword for 323 gold pieces
 38866 | Snake:3  | Identified the +8 long sword of the Sage {antimagic, *Noise
                  | rN+ Str+2} (You bought it in a shop on level 3 of the Snake
                  | Pit)
 39177 | Snake:3  | Bought a scroll of fog for 56 gold pieces
 39647 | Snake:3  | Reached skill level 16 in Polearms
 40590 | Snake:4  | Entered Level 4 of the Snake Pit
 40657 | Snake:4  | Found a flickering gateway to a bazaar.
 40664 | Bazaar   | Entered a bazaar
 40664 | Bazaar   | Found Zeveczi's Armour Emporium.
 40664 | Bazaar   | Found Qiatoy's General Store.
 40664 | Bazaar   | Found Elatus's Antique Armour Emporium.
 40956 | Bazaar   | Found Cehekhla's Armour Shoppe.
 40980 | Bazaar   | Bought a +6 hunting sling of flaming for 451 gold pieces
 40980 | Bazaar   | Bought a scroll of enchant weapon for 97 gold pieces
 40989 | Bazaar   | Bought a +2 cloak for 181 gold pieces
 42051 | Snake:4  | Identified the amulet "Harangur" {Spirit rN+}
 44537 | Snake:4  | Got a serpentine rune of Zot
 45591 | Swamp:1  | Entered Level 1 of the Swamp
 47976 | Swamp:1  | Reached XP level 19. HP: 101/148 MP: 20/36
 49125 | Swamp:2  | Found a runed translucent door.
 49139 | Swamp:2  | Noticed jlumianski's ghost (journeyman DsFi)
 49149 | Swamp:2  | Killed jlumianski's ghost
 49150 | Swamp:2  | Identified the +7 trident "Concordance" {flame, rF+ rC+
                  | Int+2}
 49153 | Swamp:2  | Identified the +4 plate armour of Blue Skies {rElec rPois
                  | rF- rCorr}
 49295 | Swamp:2  | Reached skill level 17 in Polearms
 50173 | Swamp:2  | Learned a level 5 spell: Metabolic Englaciation
 51659 | Swamp:3  | Learned a level 3 spell: Portal Projectile
 51930 | Swamp:3  | Found a basalt altar of Yredelemnul.
 52434 | Swamp:4  | Entered Level 4 of the Swamp
 52490 | Swamp:4  | Noticed Mara
 52500 | Swamp:4  | Noticed Zonian's illusion
 53445 | Swamp:4  | Upgraded the game from 0.29-a0-356-g7bc237e783 to
                  | 0.29-a0-359-g541a27f54d
 54227 | Swamp:4  | Noticed Zonian's illusion
 54662 | Swamp:4  | Killed Mara
 55447 | Swamp:4  | Noticed a tentacled monstrosity
 55460 | Swamp:4  | Killed a tentacled monstrosity
 55465 | Swamp:4  | Got a decaying rune of Zot
 56175 | Elf:1    | Entered Level 1 of the Elven Halls
 56180 | Elf:1    | Reached XP level 20. HP: 156/156 MP: 36/38
 56809 | Elf:1    | Reached skill level 18 in Polearms
 56837 | Elf:1    | Got Plog's Guide on Attacks
 57238 | Elf:1    | Identified the ring of Resumed Hostilities {Fly Will+ rCorr
                  | Str+5 Slay+4}
 57689 | Elf:1    | Paralysed by an air elemental for 1 turns
 58035 | Elf:1    | Noticed Nikola
 58048 | Elf:1    | Killed Nikola
 58586 | Elf:1    | Upgraded the game from 0.29-a0-359-g541a27f54d to
                  | 0.29-a0-360-g8ed1089bbe
 58665 | Elf:2    | Noticed Louise
 58669 | Elf:2    | Killed Louise
 58723 | Elf:2    | Found a huge runed translucent gate.
 58723 | Elf:2    | Found a huge runed translucent gate.
 58760 | Elf:2    | Found a huge runed translucent gate.
 58760 | Elf:2    | Found a huge runed translucent gate.
 58760 | Elf:2    | Found a huge runed translucent gate.
 59133 | Elf:2    | Found Xuraif's General Store.
 60525 | Elf:3    | Entered Level 3 of the Elven Halls
 60540 | Elf:3    | Reached skill level 15 in Invocations
 60654 | Elf:3    | Found Niuge's General Store.
 60787 | Elf:3    | Found a magical portal.
 60831 | WizLab   | Entered Eringya's Formal Garden
 60937 | WizLab   | Paralysed by a hornet for 3 turns
 61129 | WizLab   | Reached XP level 21. HP: 40/165 MP: 24/39
 61134 | WizLab   | HP: 5/165 [deep elf master archer/arrow (28)]
 61135 | WizLab   | Shot with an arrow by a deep elf master archer

Illustrated notes

Levels and vault maps discovered:
D:1:      amcnicky_arrival_underground_garden, layout_loops_ring
D:2:      layout_basic, uniq_natasha, uniq_robin
D:3:      layout_rooms, serial_shops, nicolae_shop_overgrown_old_shop,
          dreamdust_ecumenical_altar_drowned_temple, gammafunk_ghost_necromancy,
          kennysheep_generic_room_6, uniq_crazy_yiuf_cottage, uniq_grinder,
          uniq_ijyb
D:4:      layout_loops_ring, mainiacjoe_overflow_alcove_1,
          chequers_serial_rivers_room_a
D:5:      layout_loops_cross, nicolae_concentric_dashed_squares_wild
D:6:      layout_layer_cave, mainiacjoe_overflow_brackets,
          mainiacjoe_overflow_big_doors, minmay_temple_entry_trees, uniq_sigmund
D:7:      layout_cave_pools, led_xom_imps
D:8:      layout_cave_pools, kennysheep_mini, nicolae_water_bricks,
          minmay_manual_mares, uniq_pikel
D:9:      layout_loops_corners, lemuel_round_altar, orc_0_dummy
D:10:     layout_basic, minmay_lair_entry_grove, gammafunk_ghost_arena,
          hellmonk_guarded_unrand_vines, uniq_josephine
D:11:     layout_basic, nicolae_zen_rock_garden, uniq_grum
D:12:     minmay_skewed_foursquare, layout_stronghold, palyth_stone_intersect
D:13:     layout_loops_corners, david_vaults_3
D:14:     layout_roguey, nrook_uturn, hex_tiny, st_stairs_3
D:15:     hangedman_depths_entry_civil_slaughter, layout_basic,
          okawaru_metal_pillars_1_2
Temple:   regret_index_temple_waves
Lair:1:   layout_roguey, lemuel_fruit_tree
Lair:2:   minmay_guarded_unrand_snakebite, layout_hall_layers, swamp_mist,
          uniq_amaemon, uniq_urug
Lair:3:   layout_roguey, minmay_snake_entry_guardpost_medium,
          gammafunk_ghost_berserking_beasts, grunt_megastairs_2,
          uniq_prince_ribbit2
Lair:4:   layout_gridlike, special_room [special_room_bee], basic_altar,
          serial_bayou_lake_a, serial_bayou_shore_a
Lair:5:   layout_small_grid, slime_altar_1, serial_rivers,
          chequers_serial_rivers_large_b, chequers_serial_rivers_room_a,
          chequers_serial_rivers_micro_e, chequers_serial_rivers_small_3
Lair:6:   grunt_lair_end_beastmaster, layout_cave_pods, gammafunk_ghost_arena,
          serial_bayou_shore_b, grunt_megastairs_4
Swamp:1:  layout_basic_swamp, hangedman_swamp_diagram, swamp_pool2,
          nicolae_swamp_wisp_ring_woods
Swamp:2:  layout_basic_swamp, ebering_ghost_reflecting_pool,
          evilmike_swamp_ruin_house_6, swamp_pool3, nicolae_swamp_snake_nest
Swamp:3:  layout_basic_swamp, evilmike_swamp_ruin_house_2, swamp_pool5,
          grunt_ruined_hall, infiniplex_staircase_pool
Swamp:4:  swamp_vile, layout_basic_swamp, swamp_pool2, uniq_mara
Snake:1:  layout_onion_interference, drop_trap, uniq_donald
Snake:2:  layout_misc_corridors, grunt_megastairs_1, uniq_aizul
Snake:3:  cheibrodos_snake_ritualist_ritual, layout_chambers, minmay_shoptagon
Snake:4:  snake_pit, layout_cave_town, serial_shops, bzr_entry_road,
          nicolae_snake_round_shape_thing
Orc:1:    layout_caves, basic_altar, uniq_snorg
Orc:2:    pf_orc_diabolical, layout_caves, gauntlet_entry_generic, serial_shops,
          shop, lightli_church_of_beogh, uniq_azrael
Elf:1:    layout_geoelf_diagonals, serial_corexii_hall,
          corexii_hall_statues_deadend, chequers_hall_statues_corner_a,
          minmay_elf_annihilation, chequers_big_river, uniq_nikola
Elf:2:    elven_hall_of_blades_hangedman_alternative
          [nicolae_blade_entry_area_security], layout_geoelf_grid, serial_shops,
          nicolae_stop_n_shop_2, special_room [special_room_mythical_zoo],
          uniq_louise
Elf:3:    minmay_elf_hall_hex, layout_geoelf_diagonals,
          lightli_enter_wizlab_magi_temple, serial_shops, shop,
          grunt_megastairs_5
WizLab:   wizlab_eringya

Skill      XL: |  1  2  3  4  5  6  7  8  9 10 11 12 13 14 15 16 17 18 19 20 |
---------------+-------------------------------------------------------------+-----
Spellcasting   | 5 6 7 8 9 10 11 12 13 14 | 14.8
Invocations    | 1 2 3 4 5 6 7 8 9 10 11 12 13 14 15 | 15.1
Fighting       | 1 2 3 4 5 6 7 8 9 10 11 12 13 14 | 14.0
Short Blades   | 1 2 3 4 5 6 7 8 9 10 11 12 13 14 | 14.0
Long Blades    | 1 2 3 4 5 6 7 8 9 10 11 12 13 14 | 14.0
Axes           | 1 2 3 4 5 6 7 8 9 10 11 12 13 14 | 14.0
Maces & Flails | 1 2 3 4 5 6 7 8 9 10 11 12 13 14 | 14.0
Polearms       | 1 2 3 5 6 8 9 10 12 13 14 15 16 17 18 | 18.7
Staves         | 1 2 3 4 5 6 7 8 9 10 11 12 13 14 | 14.0
Slings         | 1 2 3 4 5 6 7 8 9 10 11 12 13 14 | 14.0
Bows           | 1 2 3 4 5 6 7 8 9 10 11 12 13 14 | 14.0
Crossbows      | 1 2 3 4 5 6 7 8 9 10 11 12 13 14 | 14.0
Throwing       | 1 2 3 4 5 6 7 8 9 10 11 12 13 14 | 14.0
Armour         | 1 2 3 4 5 6 7 8 9 10 11 12 13 14 | 14.0
Shields        | 1 2 3 4 5 6 7 8 9 10 11 12 13 14 | 14.0
Unarmed Combat | 1 2 3 4 5 6 7 8 9 10 11 12 13 14 | 14.0
Evocations     | 1 2 3 4 5 6 7 8 9 10 11 12 13 14 | 14.0
Conjurations   | 1 2 3 4 5 6 7 8 9 10 11 | 11.9
Hexes          | 1 2 3 4 5 6 7 8 9 10 11 | 11.9
Summonings     | 1 2 3 4 5 6 7 8 9 10 11 | 11.9
Necromancy     | 1 2 3 4 5 6 7 8 9 10 11 | 11.9
Translocations | 1 2 3 4 5 6 7 8 9 10 11 | 11.9
Transmutations | 1 2 3 4 5 6 7 8 9 10 11 | 11.9
Fire Magic     | 1 2 3 4 5 6 7 8 9 10 11 | 11.9
Air Magic      | 1 2 3 4 5 6 7 8 9 10 11 | 11.9
Earth Magic    | 1 2 3 4 5 6 7 8 9 10 11 | 11.9
Poison Magic   | 1 2 3 4 5 6 7 8 9 10 11 | 11.9
Dodging        | 5 6 7 8 9 10 11 12 13 14 | 14.6
Stealth        | 5 6 7 8 9 10 11 12 13 14 | 14.5
Ice Magic      | 8 9 10 11 12 13 | 13.7

Action                   |  1- 3 |  4- 6 |  7- 9 | 10-12 | 13-15 | 16-18 | 19-21 || total
-------------------------+-------+-------+-------+-------+-------+-------+-------++-------
Melee: Staff             |     4 |       |       |       |       |       |       ||     4
       Hand axe          |    46 |    84 |   209 |    15 |       |       |       ||   354
       Bite              |     4 |     7 |    29 |    55 |   143 |   253 |   134 ||   625
       Dagger            |       |       |    44 |   174 |    84 |     8 |    99 ||   409
       Spear             |       |       |       |   192 |       |       |       ||   192
       Whip              |       |       |       |       |   779 |  1374 |   300 ||  2453
       Demon whip        |       |       |       |       |    87 |       |       ||    87
       Long sword        |       |       |       |       |     3 |       |       ||     3
       Demon blade       |       |       |       |       |    40 |    71 |   149 ||   260
       Falchion          |       |       |       |       |       |    25 |       ||    25
       Trident           |       |       |       |       |       |       |   263 ||   263
       Double sword      |       |       |       |       |       |       |    21 ||    21
 Fire: Hand crossbow     |       |       |       |       |     1 |       |       ||     1
       Hunting sling     |       |       |       |       |       |   393 |   335 ||   728
Throw: Dart              |       |     1 |     3 |       |       |       |       ||     4
 Cast: Freeze            |    27 |    62 |    25 |    14 |       |       |       ||   128
       Frozen Ramparts   |       |     8 |    19 |    35 |    28 |    38 |     8 ||   136
       Ozocubu's Armour  |       |     1 |     4 |     7 |     3 |     6 |     3 ||    24
       Airstrike         |       |       |       |       |     5 |    41 |    40 ||    86
       Hailstorm         |       |       |       |       |    10 |    58 |     7 ||    75
       Summon Lightning  |       |       |       |       |     4 |    32 |    15 ||    51
       Blink             |       |       |       |       |     2 |    21 |     4 ||    27
       Confusing Touch   |       |       |       |       |     2 |     4 |       ||     6
       Borgnjor's Vile C |       |       |       |       |     1 |    12 |    33 ||    46
       Mephitic Cloud    |       |       |       |       |     1 |     3 |     1 ||     5
       Olgreb's Toxic Ra |       |       |       |       |       |    19 |     2 ||    21
       Swiftness         |       |       |       |       |       |     1 |     1 ||     2
       Portal Projectile |       |       |       |       |       |       |     7 ||     7
       Metabolic Englaci |       |       |       |       |       |       |     6 ||     6
Invok: Shadow Step       |       |       |       |       |     1 |       |       ||     1
Evoke: Wand              |       |       |       |     5 |    10 |    26 |    11 ||    52
       Tin of tremorston |       |       |       |       |     2 |     4 |     2 ||     8
       Condenser vane    |       |       |       |       |     1 |     4 |     1 ||     6
       Box of beasts     |       |       |       |       |     1 |       |       ||     1
  Use: Scroll            |       |     3 |    15 |     4 |    11 |     6 |    12 ||    51
       Potion            |       |       |     3 |     1 |     2 |     1 |     1 ||     8
 Stab: Sleeping          |     1 |     4 |     3 |    10 |    32 |    32 |    51 ||   133
       Distracted        |     1 |       |     1 |       |     1 |     4 |     4 ||    11
       Confused          |       |       |       |       |     1 |     8 |     2 ||    11
Armor: Robe              |    15 |    49 |   106 |   111 |   245 |   210 |   140 ||   876
Dodge: Dodged            |    51 |   103 |   181 |   226 |   652 |   803 |   384 ||  2400
Block: Buckler           |       |    13 |    57 |    75 |   261 |   461 |       ||   867
       Reflection        |       |       |       |       |       |    97 |    37 ||   134
       Kite shield       |       |       |       |       |       |   467 |   522 ||   989

Table legend: (Time is in decaauts)
 A = Elapsed time spent in this place.
 B = Non-inter-level travel time spent in this place.
 C = Inter-level travel time spent in this place.
 D = Time resting spent in this place.
 E = Time spent auto-exploring this place.
 F = Levels seen in this place.
 G = Mean time per level.
                   A        B        C        D        E       F      G
               +--------+--------+--------+--------+--------+-----+--------+
         Total |  60401 |  58518 |   1883 |  25711 |  19808 |  37 | 1632.5 |
       Dungeon |  20475 |  19836 |    639 |   6583 |   9053 |  15 | 1365.0 |
        Temple |    122 |     64 |     58 |      0 |     41 |   1 |  122.0 |
          Lair |  11853 |  11258 |    595 |   5554 |   3623 |   6 | 1975.5 |
         Swamp |   8853 |   8609 |    244 |   4982 |   1654 |   4 | 2213.2 |
     Snake Pit |  11218 |  11078 |    140 |   5910 |   2940 |   4 | 2804.5 |
  Orcish Mines |   2697 |   2588 |    109 |    757 |   1169 |   2 | 1348.5 |
   Elven Halls |   4552 |   4457 |     95 |   1548 |   1327 |   3 | 1517.3 |
        Bazaar |    341 |    341 |      0 |    290 |      0 |   1 |  341.0 |
        Wizlab |    286 |    286 |      0 |     85 |      0 |   1 |  286.0 |
               +--------+--------+--------+--------+--------+-----+--------+

Top non-repeatable levels by time:
 Snake:4: 4197 daAuts
  Lair:2: 3713 daAuts
 Snake:3: 3255 daAuts
 Swamp:3: 2838 daAuts
     D:9: 2807 daAuts
 Swamp:4: 2799 daAuts
  Lair:3: 2618 daAuts
   Elf:1: 2412 daAuts
  Lair:6: 2048 daAuts
    D:10: 2028 daAuts
     D:6: 2027 daAuts
 Snake:1: 2018 daAuts
   Elf:2: 1853 daAuts
     D:8: 1810 daAuts
 Snake:2: 1747 daAuts
